 Dungeon Crawl Stone Soup version 0.30.1-4-g462c640d31 (webtiles) character file.

Game seed: 10357656710565335376

40 Cheops the Conjurer (level 3, -1/17 HPs)
             Began as a Deep Elf Conjurer on Aug 25, 2023.
             Slain by Sigmund
             ... wielding a +5 scythe of flaming
              (4 damage)
             ... on level 2 of the Dungeon.
             The game lasted 00:05:44 (1451 turns).

Cheops the Conjurer (Deep Elf Conjurer)             Turns: 1451, Time: 00:05:44

Health: -1/17      AC:  1    Str:  4    XL:     3   Next: 30%
Magic:  8/10       EV: 12    Int: 24    God:
Gold:   134        SH:  0    Dex: 13    Spells: 7/10 levels left

rFire   x . .        (no weapon)
rCold   . . .        (no shield)
rNeg    . . .        a - +0 robe
rPois   .            (no helmet)
rElec   .            (no cloak)
rCorr   .            (no gloves)
SInv    .            (no boots)
Will    +....        i - amulet of magic regeneration
Stlth   ++           c - ring of willpower
HPRegen 0.22/turn    (no ring)
MPRegen 0.52/turn

%: no passive effects
@: no status effects
A: deformed body, frail 1, heat vulnerability 1
a: no special abilities


You were on level 2 of the Dungeon.
You visited 1 branch of the dungeon, and saw 4 of its levels.

You collected 154 gold pieces.
You spent 20 gold pieces at shops.

Inventory:

Armour
 a - a +0 robe (worn)
Jewellery
 c - a ring of willpower (left hand)
 g - an amulet of the acrobat
 i - an amulet of magic regeneration (around neck)
Wands
 h - a wand of flame (28)
Scrolls
 e - a scroll of teleportation
 k - a scroll of brand weapon
 l - a scroll of fear
Potions
 b - a potion of magic
 f - a potion of curing
 j - a potion of lignification


   Skills:
 - Level 2.4 Dodging
 - Level 2.4 Stealth
 + Level 4.4 Spellcasting
 - Level 5.0 Conjurations


You had 7 spell levels left.
You knew the following spells:

 Your Spells              Type           Power      Damage    Failure   Level
a - Magic Dart            Conj           100%       1d8       1%          1
b - Searing Ray           Conj           58%        2d6       1%          2

Your spell library contained the following spells:

 Spells                   Type           Power      Damage    Failure   Level
 Dazzling Flash           Conj/Hex       34%        N/A       10%         3
 Fulminant Prism          Conj/Hex       8%         3d7       32%         4
 Iskenderun's Mystic Bla  Conj/Tloc      17%        2d5       32%         4


Dungeon Overview and Level Annotations

Branches:
Dungeon (4/15)
 Temple: D:4-7

Altars:

Shops:
D:1 ?([(

Annotations:
D:2 Sigmund


Innate Abilities, Weirdness & Mutations

Armour fits poorly on your strangely shaped body.
You are frail. (-10% HP)
You are vulnerable to heat. (rF-)


Message History

That beam is likely to hit you.
Continue anyway?
Okay, then.
You see here a +0 dagger.
l - a scroll labelled TUAMUT PONAM
d - 2 scrolls of identify (gained 1)
Found a leather armour.
You see here a +0 leather armour.
You see here a dart slug corpse.
Sigmund the Dreaded comes into view.
He is wielding a +5 scythe of flaming.
Found a robe.
Sigmund is nearby!
Sigmund is nearby!
Sigmund is nearby!
Casting: Magic Dart (safe; 1% risk of failure)
Confirm with . or Enter, or press ? or * to list all spells.
Okay, then.
Okay, then.
Okay, then.
You can't see any susceptible monsters within range! (Use Z to cast anyway.) Unknown command.
As you read the scroll of identify, it crumbles to dust.
l - a scroll of fear
As you read the scroll of identify, it crumbles to dust.
j - a potion of lignification
Casting: Magic Dart (safe; 1% risk of failure)
Confirm with . or Enter, or press ? or * to list all spells.
Aiming: Searing Ray (safe; 1% risk of failure)
Press: ? - help, Shift-Dir - straight line, f - Sigmund
Aim: Sigmund, wielding a +5 scythe of flaming and wearing a +0 robe (asleep, 100% to hit)
The searing ray hits Sigmund.
Sigmund is moderately wounded.
Sigmund shouts! (Press . to maintain the ray.)
The searing ray hits Sigmund.
Sigmund is moderately wounded.
Sigmund hits you from afar with a +5 scythe of flaming!
Ouch! That really hurt!
* * * LOW HITPOINT WARNING * * *
Sigmund burns you.
You die...

.###..# #
###.............###.#
.)#...#.#
#.......######.....
....#.#.# #.#...>.#
#.##.# #.#.†)..#.#
#.#.....# #.##..
..##......#####.##....#
#.####
.###....##............#
#.#
........##.####..##..##
#.# # ...######
#......# #.#### .#.#
##@##.## #..... .#.#
#.@.......[..# ######
.#.# #.......##.####.#
.#.# ##.#######.# ...#
# #.# #### ..# .## .


You could see Sigmund.

Vanquished Creatures
  An adder (D:2)
  A dart slug (D:2)
  An orc (D:3)
  2 bats
  2 endoplasms
  A giant cockroach (D:4)
  A goblin (D:1)
  3 hobgoblins (D:2)
  5 quokkas
  2 ball pythons (D:1)
  4 kobolds
  2 rats
25 creatures vanquished.

Notes
Turn   | Place    | Note
-------+----------+-------------------------------------------
     0 | D:1      | Cheops the Deep Elf Conjurer began the quest for the Orb.
     0 | D:1      | Reached XP level 1. HP: 10/10 MP: 6/6
    38 | D:1      | Found Atzoxtoo's Antique Armour Shop.
   131 | D:1      | Found Diclug's Magic Scroll Emporium.
   142 | D:1      | Bought a scroll of identify for 20 gold pieces
   254 | D:1      | Found Qeopy's Weapon Shoppe.
   323 | D:1      | Found Xiudysk's Weapon Boutique.
   433 | D:1      | Reached XP level 2. HP: 15/15 MP: 5/8
   571 | D:1      | Reached skill level 5 in Conjurations
   574 | D:1      | Learned a level 2 spell: Searing Ray
   637 | D:1      | Found a faded altar of an unknown god.
   871 | D:2      | You fall into a shaft and drop 2 floors!
   896 | D:4      | Gained mutation: Armour fits poorly on your strangely
                  | shaped body. [potion of mutation]
   896 | D:4      | Gained mutation: You are vulnerable to heat. (rF-) [potion
                  | of mutation]
   896 | D:4      | Gained mutation: You are frail. (-10% HP) [potion of
                  | mutation]
  1019 | D:3      | Reached XP level 3. HP: 17/17 MP: 8/10
  1431 | D:2      | Noticed Sigmund
  1451 | D:2      | Slain by Sigmund

Illustrated notes

Levels and vault maps discovered:
D:1:      ncdulo_smallfort, layout_loops_cross, serial_shops, shop, shop,
          nicolae_shop_stone, shop, dreamdust_ecumenical_altar_angels_and_demons
D:2:      layout_loops_cross, corexii_leaking_fountain, minmay_pentomino_x2,
          uniq_sigmund
D:3:      layout_rooms, nicolae_vehumet_altar_sigil, uniq_ijyb
D:4:      layout_loops_cross, tso_altar

Skill      XL: |  1  2 |
---------------+-------+-----
Conjurations   | 5 |  5.0
Spellcasting   | 4 |  4.4
Dodging        | |  2.4
Stealth        | |  2.4

Action                     || total
---------------------------++-------
   Cast: Magic Dart        ||    42
         Searing Ray       ||     5
    Use: Scroll            ||     6
         Potion            ||     1
  Dodge: Dodged            ||     2
